 Dungeon Crawl Stone Soup version 0.18.1-8-gdd0e5ea (webtiles) character file.

56 Krapule the Insei (level 3, -2/20 HPs)
             Began as a Vine Stalker Monk on May 26, 2016.
             Slain by an orc wizard
             ... wielding a +0 dagger
              (4 damage)
             ... on level 3 of the Dungeon.
             The game lasted 00:02:46 (960 turns).

Krapule the Insei (Vine Stalker Monk)                Turns: 960, Time: 00:02:46

Health: -2/20      AC:  3    Str: 14    XL:     3   Next: 97%
Magic:  0/4        EV: 13    Int: 10    God:
Gold:   76         SH:  0    Dex: 16    Spells: 0 memorised, 2 levels left

rFire  . . .     SeeInvis .       - Unarmed
rCold  . . .     Gourm    .     k - +0 leather armour (curse)
rNeg   . . .     Faith    .     (no shield)
rPois  .         Spirit   +     (no helmet)
rElec  .         Dismiss  .     (no cloak)
rCorr  +         Reflect  .     (no gloves)
SustAt .         Harm     .     (no boots)
MR     .....                    (no amulet)
Stlth  ++........               (no ring)
                                c - ring of resist corrosion

@: not resistant to hostile enchantments, unstealthy
A: fangs 2, regeneration 1, magic shield, antimagic bite, no device heal 3, rot
immunity
a: no special abilities


You were on level 3 of the Dungeon.
You were not hungry.

You visited 1 branch of the dungeon, and saw 3 of its levels.

You collected 76 gold pieces.

Inventory:

Armour
 a - a +0 robe
 k - a cursed +0 leather armour (worn)
Jewellery
 c - a ring of resist corrosion (left hand)
Scrolls
 d - a scroll of identify {unknown}
 e - a scroll of noise {unknown}
 f - 2 scrolls of amnesia {unknown}
 g - a scroll of blinking {unknown}
 i - a scroll of teleportation {unknown}
 l - a scroll of magic mapping {unknown}
Potions
 h - a potion of flight {unknown}
 j - a potion of curing {unknown}
 m - a potion of heal wounds {unknown}
Comestibles
 b - 2 bread rations


   Skills:
 + Level 3.2 Fighting
 + Level 2.8 Dodging
 + Level 3.1 Stealth
 + Level 4.3 Unarmed Combat


You had 2 spell levels left.
You didn't know any spells.

Dungeon Overview and Level Annotations

Branches:
Dungeon (3/15)

Altars:

Annotations:
D:2 Ijyb


Innate Abilities, Weirdness & Mutations

You have extremely sharp teeth.
Your natural rate of healing is unusually fast.
When hurt, damage is shared between your health and your magic reserves.
Your bite disrupts and absorbs the magic of your enemies.
Potions and wands cannot restore your health.
You are immune to rotting.


Message History

A magic dart appears from out of thin air!
The magic dart hits you!
You hit something. Your bite misses something.
Something hits you but does no damage.
You barely miss something. You bite something. You drain its magic.
You feel invigorated. Something hits you.
You closely miss something. Something completely misses you.
You hit something. Something hits you.
* * * LOW HITPOINT WARNING * * *
You are too injured to fight recklessly!
You are too injured to fight recklessly!
You are too injured to fight recklessly!
You are too injured to fight recklessly!
You hit something but do no damage. You bite something. Something hits you.
* * * LOW HITPOINT WARNING * * *
You miss something. You bite something. You drain its magic.
You feel invigorated. Something hits you.
* * * LOW HITPOINT WARNING * * *
You barely miss something. You bite something. Something hits you. x2
You die...

######## ###
#......# ..#
#.#....#######
#.###.#..........#
#.##..#...†#####.#
.........#.# #.#
#..)...###.# #@#
#.#...## #.# #{#
..##..# #.# #o#
#.##.... ..# .o.
..##.####### ...
####+# ..$.. .....
##....#


You could see 2 orcs.

Vanquished Creatures
  An orc wizard (D:3)
  An ooze (D:1)
  2 dart slugs (D:1)
  An orc (D:3)
  3 goblins (D:1)
  2 hobgoblins
  4 bats
  5 kobolds
  3 rats (D:1)
22 creatures vanquished.

Notes
Turn   | Place    | Note
--------------------------------------------------------------
     0 | D:1      | Krapule the Vine Stalker Monk began the quest for the Orb.
     0 | D:1      | Reached XP level 1. HP: 11/11 MP: 2/2
   106 | D:1      | Reached XP level 2. HP: 16/16 MP: 3/3
   111 | D:2      | Noticed Ijyb
   855 | D:1      | Reached XP level 3. HP: 20/20 MP: 4/4
   960 | D:3      | Slain by an orc wizard

Skill      XL: |  1  2  3 |
---------------+----------+-----
Fighting       | 3 |  3.2
Stealth        | 3 |  3.1
Dodging        | |  2.8
Unarmed Combat | |  4.3

Action                   || total
-------------------------++-------
Melee: Unarmed           ||    85
       Bite              ||    19
       Punch             ||     1
 Stab: Sleeping          ||     4
Armor: Robe              ||     5
       Leather armour    ||     7
Dodge: Dodged            ||    31
